 Dungeon Sprint DCSS version 0.30-a0-596-g0af90f9a20 (webtiles) character file.

Game seed: 6613106003414705939

253 NinjaNoafa the Shield-Bearer (level 6, -4/35 HPs)
             Began as a Vine Stalker Fighter on Jan 6, 2023.
             Was a Follower of Uskayaw.
             Slain by a fire bat (7 damage)
             ... in the Dungeon (Sprint VII: "The Pits").
             The game lasted 00:02:16 (344 turns).

NinjaNoafa the Shield-Bearer (Vine Stalker Fighter)  Turns: 344, Time: 00:02:17

Health: -4/35      AC:  7    Str: 18    XL:     6   Next: 14%
Magic:  0/10       EV: 11    Int:  8    God:    Uskayaw [*.....]
Gold:   0          SH:  5    Dex: 16    Spells: 5/5 levels left

rFire   . . .      SeeInvis .    k - +2 dagger
rCold   . . .      Faith    .    c - +0 buckler
rNeg    . . .      Spirit   +    b - +0 scale mail
rPois   .          Reflect  .    (no helmet)
rElec   .          Harm     .    (no cloak)
rCorr   .          Rampage  .    (no gloves)
Will    .....      NoTele   +    (no boots) Stlth
                                 (no amulet)
HPRegen 1.05/turn                (no ring)
MPRegen 0.12/turn                (no ring)

@: on berserk cooldown
A: fangs 2, regeneration 1, magic shield, antimagic bite, no potion heal 2
a: Renounce Religion, Stomp


You were in the Dungeon.
You worshipped Uskayaw.
Uskayaw was noncommittal.
You visited 1 branch

Inventory:

Hand Weapons
 k - a +2 dagger (weapon)
Armour
 b - a +0 scale mail (worn)
 c - a +0 buckler (worn)
Wands
 a - a wand of flame (16)
Scrolls
 m - 5 scrolls of amnesia
 n - a scroll of summoning
 o - 2 scrolls of vulnerability
Potions
 d - a potion of might
 e - 6 potions of curing
 f - 6 potions of heal wounds
 g - a potion of haste
 h - 4 potions of magic
 i - 2 potions of berserk rage
 l - a potion of invisibility


   Skills:
 + Level 5.2 Fighting
 + Level 4.7 Short Blades
 + Level 5.0 Armour
 + Level 3.9 Dodging
 + Level 5.2 Shields
 + Level 4.6 Invocations


You had 5 spell levels left.
You didn't know any spells.
Your spell library was empty.

Dungeon Overview and Level Annotations

Branches:
Dungeon (1/1)

Altars:
Ashenzari
Cheibriados
Dithmenos
Elyvilon
Fedhas
Gozag
Hepliaklqana
Kikubaaqudgha
Makhleb
Nemelex Xobeh
Okawaru
Qazlal
Ru
Sif Muna
Trog
Uskayaw
Vehumet
Wu Jian
Xom
Yredelemnul
Zin
The Shining One
Jiyva
Lugonu


Innate Abilities, Weirdness & Mutations

You have extremely sharp teeth.
Your natural rate of healing is unusually fast.
When hurt, damage is shared between your health and your magic reserves.
Your bite disrupts and absorbs the magic of your enemies.
Potions cannot restore your health.


Message History

There is an open door here.
A fire bat comes into view.
The fire bat bites you.
You are engulfed in flames!
You hit the fire bat. Your bite misses the fire bat.
The fire bat is moderately wounded.
The fire bat barely misses you. x2; The fire bat bites you.
You are engulfed in flames.
You completely miss the fire bat. You bite the fire bat. You drain its power.
You feel invigorated.
The fire bat is moderately wounded.
The fire bat bites you but does no damage.
The fire bat misses you. You block the fire bat's attack. x2
You hit the fire bat but do no damage.
The fire bat is moderately wounded.
The fire bat bites you.
You are engulfed in flames!
The fire bat bites you.
You are engulfed in flames.
* * * LOW HITPOINT WARNING * * *
You hit the fire bat.
The fire bat is heavily wounded.
The fire bat bites you.
* * * LOW HITPOINT WARNING * * *
You are engulfed in flames!
* * * LOW HITPOINT WARNING * * *
Okay, then.
You feel yourself speed up. The fire bat barely misses you.
The fire bat completely misses you.
Okay, then.
Aiming: Throw Flame
Press: ? - help, Shift-Dir - straight line, f - you That beam is likely to hit you.
Continue anyway?
Okay, then.
Okay, then.
You hit the fire bat. You bite the fire bat! You drain its power.
You feel invigorated.
The fire bat is severely wounded.
The fire bat bites you.
* * * LOW HITPOINT WARNING * * *
You are engulfed in flames!
You die...

#.#.....#..##......
#.####'##'###...<..
#.#........##......
#.#........##......
#'###########......
#.......# #######
#.......# #.b.#...#
#.@###..# #...# ..#
#.......# #.......+
#########


You could see a fire bat.

Vanquished Creatures
  Grinder (D)
  Ijyb (D)
  An adder (D)
  A river rat (D)
  2 ufetubi (D)
  An adder zombie (D)
  An orc (D)
  A ball python (D)
  A bat skeleton (D)
  A hobgoblin (D)
  A ball python zombie (D)
  A bat (D)
  A frilled lizard (D)
14 creatures vanquished.

Notes
Turn   | Place    | Note
-------+----------+-------------------------------------------
     0 | D        | NinjaNoafa the Vine Stalker Fighter began the quest for the
                  | Orb.
     0 | D        | Reached XP level 1. HP: 11/11 MP: 2/2
    15 | D        | Reached skill level 1 in Dodging
    15 | D        | Reached skill level 1 in Invocations
    15 | D        | Reached XP level 2. HP: 16/16 MP: 3/3
    41 | D        | Found a bloodstained altar of Trog.
    41 | D        | Found a shimmering blue altar of Sif Muna.
    41 | D        | Found a viscous altar of Jiyva.
    41 | D        | Found a hazy altar of Hepliaklqana.
    41 | D        | Found an opulent altar of Gozag.
    42 | D        | Found a glowing golden altar of the Shining One.
    42 | D        | Found a glowing silver altar of Zin.
    42 | D        | Found a basalt altar of Yredelemnul.
    42 | D        | Found a shimmering altar of Xom.
    42 | D        | Found an ornate altar of the Wu Jian Council.
    42 | D        | Found a sacrificial altar of Ru.
    42 | D        | Found a stormy altar of Qazlal.
    42 | D        | Found an iron altar of Okawaru.
    42 | D        | Found a sparkling altar of Nemelex Xobeh.
    42 | D        | Found a burning altar of Makhleb.
    42 | D        | Found a blossoming altar of Fedhas.
    42 | D        | Found a white marble altar of Elyvilon.
    42 | D        | Found a shadowy altar of Dithmenos.
    42 | D        | Found a snail-covered altar of Cheibriados.
    43 | D        | Found a radiant altar of Vehumet.
    43 | D        | Found a corrupted altar of Lugonu.
    44 | D        | Found a hide-covered altar of Uskayaw.
    44 | D        | Found an ancient bone altar of Kikubaaqudgha.
    44 | D        | Found a broken altar of Ashenzari.
    52 | D        | Became a worshipper of Uskayaw the Reveller
    77 | D        | Reached * piety under Uskayaw
   158 | D        | Reached XP level 3. HP: 13/20 MP: 3/5
   158 | D        | Reached ** piety under Uskayaw
   166 | D        | Reached *** piety under Uskayaw
   277 | D        | Noticed Grinder
   278 | D        | Noticed Ijyb
   310 | D        | Killed Ijyb
   311 | D        | Gained mutation: Your natural rate of healing is unusually
                  | fast. [Vine Stalker growth]
   311 | D        | Reached XP level 4. HP: 9/25 MP: 1/6
   313 | D        | Killed Grinder
   314 | D        | Reached skill level 5 in Fighting
   314 | D        | Reached skill level 5 in Armour
   314 | D        | Reached skill level 5 in Shields
   314 | D        | Reached XP level 5. HP: 13/30 MP: 6/9
   314 | D        | Reached XP level 6. HP: 15/35 MP: 6/10
   335 | D        | Noticed a fire bat
   344 | D        | Slain by a fire bat

Illustrated notes

Levels and vault maps discovered:
D:        pitsprint [storerooms_1, entrance_room_1, metal_vault_1, armoury_2,
          mini_pit_1, grid_room_1, main_hall_1, silver_pit, the_coven_3,
          the_vestibule_1, steel_vault_1, golden_pit, hallway_of_sentries,
          crystal_vault_2, iron_vault_2, final_vault]

Skill      XL: |  1  2  3  4 |
---------------+-------------+-----
Fighting       | 3 5 |  5.2
Short Blades   | 2 3 4 |  4.7
Dodging        | 1 2 3 |  3.9
Shields        | 3 5 |  5.2
Invocations    | 1 2 4 |  4.6
Armour         | 3 5 |  5.0

Action                   |  1- 3 |  4- 6 || total
-------------------------+-------+-------++-------
Melee: Rapier            |     6 |       ||     6
       Bite              |    14 |     4 ||    18
       Dagger            |    44 |     9 ||    53
Invok: Line Pass         |     1 |       ||     1
  Use: Potion            |     2 |       ||     2
       Scroll            |     1 |       ||     1
 Stab: Invisible         |     1 |     1 ||     2
       Paralysed         |       |     1 ||     1
Armor: Scale mail        |    29 |     2 ||    31
Dodge: Dodged            |    37 |     5 ||    42
Block: Buckler           |    17 |     2 ||    19

Table legend: (Time is in decaauts)
 A = Elapsed time spent in this place.
 B = Non-inter-level travel time spent in this place.
 C = Inter-level travel time spent in this place.
 D = Time resting spent in this place.
 E = Time spent auto-exploring this place.
 F = Levels seen in this place.
 G = Mean time per level.
                   A        B        C        D        E       F      G
               +--------+--------+--------+--------+--------+-----+--------+
         Total |    348 |    317 |     31 |    101 |      0 |   1 |  348.0 |
       Dungeon |    348 |    317 |     31 |    101 |      0 |   1 |  348.0 |
               +--------+--------+--------+--------+--------+-----+--------+

Top non-repeatable levels by time:
       D: 348 daAuts
